SNL (28 & UNDER)
KEY WEST BARRACUDAS @ WEST VIRGINIA POWER
09/07/2029
 
TOP OF THE 1ST
Key West Barracudas batting - Pitching for West Virginia Power : RHP Bob Howe
Pitching: RHP Bob Howe
Batting: SHB Luis Manuel López 0-0: Called Strike
0-1: Ball
1-1: Ball
2-1: SINGLE (Groundball, 34D)
Batting: RHB Cris Lugo 0-0: Ball
1-0: Ball
2-0: Called Strike
2-1: Swinging Strike
2-2: Strikes out swinging
Batting: LHB Domingo Ledesma 0-0: Swinging Strike
0-1: Ball
1-1: DOUBLE (Flyball, 8RD)
Luis Manuel López to third
Runner from 3rd tries for Home, SAFE, no throw
Batting: LHB Juan Lima 0-0: Ball
1-0: Ball
2-0: Ball
3-0: Base on Balls
Batting: SHB Júlio Ayala 0-0: Foul Ball, location: 2F
0-1: Ball
1-1: Called Strike
1-2: Grounds into double play, 3-6-3 (Groundball, 34)
Top of the 1st over - 1 run, 2 hits, 0 errors, 1 left on base; Key West 1 - West Virginia 0
BOTTOM OF THE 1ST
West Virginia Power batting - Pitching for Key West Barracudas : RHP Kade Coleman
Pitching: RHP Kade Coleman
Batting: RHB Matt Tucker 0-0: Ball
1-0: SINGLE (Groundball, 34D)
Batting: RHB Pedro Echevarría 0-0: Ball
1-0: Foul Ball, location: 2F
1-1: SINGLE (Line Drive, 8RS)
Matt Tucker to second
Batting: SHB Patrizio Batistuta 0-0: Called Strike
0-1: Foul Ball, location: 2F
0-2: Ball
1-2: Foul Ball, location: 2F
1-2: Strikes out swinging
Batting: RHB Joe Salas 0-0: Ball
1-0: Called Strike
Matt Tucker steals 3rd base
Pedro Echevarría to second
1-1: Ball
2-1: Fly out, F7 (Flyball, 7S)
Runner from 3rd tags up, SCORES, throw made
Batting: RHB Rafael Ortíz 0-0: Foul Ball, location: 2F
0-1: Swinging Strike
0-2: Ball
Wild Pitch!
Pedro Echevarría to third
1-2: Ball
2-2: Ball
3-2: DOUBLE (Groundball, 5L)
Pedro Echevarría scores
Batting: RHB Cory Hester 0-0: Ball
1-0: SINGLE (Flyball, 8LS)
Rafael Ortíz to third
Runner from 3rd tries for Home, SAFE, no throw
Batting: RHB Julián Garza 0-0: Ball
1-0: Ball
2-0: Foul Ball, location: 2F
2-1: Foul Ball, location: 2F
2-2: Ball
3-2: Ground out 6-3 (Groundball, 6MS)
Bottom of the 1st over - 3 runs, 4 hits, 0 errors, 1 left on base; Key West 1 - West Virginia 3
TOP OF THE 2ND
Key West Barracudas batting - Pitching for West Virginia Power : RHP Bob Howe
Batting: LHB Motoki Hirata 0-0: Fly out, F7 (Flyball, 78S)
Batting: RHB Anastasio Zartuche 0-0: Called Strike
0-1: Ball
1-1: Ball
2-1: SINGLE (Line Drive, 6MD)
Batting: LHB Mauro Díaz 0-0: Ball
1-0: Called Strike
1-1: Called Strike
1-2: Foul Ball, location: 2F
1-2: Foul Ball, location: 2F
1-2: Strikes out swinging
Batting: SHB Eric Pimentel 0-0: Foul Ball, location: 2F
0-1: Foul Ball, location: 2F
0-2: Ball
1-2: Ball
2-2: Foul Ball, location: 2F
2-2: SINGLE (Groundball, 34D)
Anastasio Zartuche to second
Runner from 2nd tries for 3rd, SAFE, throw made to third
Batting: SHB Luis Manuel López 0-0: Called Strike
0-1: Ball
1-1: Ball
2-1: Swinging Strike
2-2: Strikes out swinging
Top of the 2nd over - 0 runs, 2 hits, 0 errors, 2 left on base; Key West 1 - West Virginia 3
BOTTOM OF THE 2ND
West Virginia Power batting - Pitching for Key West Barracudas : RHP Kade Coleman
Batting: RHB José Maldonado 0-0: Ball
1-0: Called Strike
1-1: Ball
2-1: Ball
3-1: Reached on error, E3 (Groundball, 34)
Batting: RHB Nick Mackin 0-0: Called Strike
0-1: Ball
1-1: Ball
2-1: DOUBLE (Line Drive, 7LM)
José Maldonado to third
Runner from 3rd tries for Home, SAFE, no throw
Batting: RHB Matt Tucker 0-0: Ball
1-0: Ball
2-0: Called Strike
2-1: Ball
3-1: Base on Balls
Batting: RHB Pedro Echevarría 0-0: Ball
1-0: Ball
2-0: Ball
3-0: Called Strike
3-1: Foul Ball, location: 2F
3-2: Grounds into double play, 4-6-3 (Groundball, 4)
Nick Mackin to third
Batting: SHB Patrizio Batistuta 0-0: DOUBLE (Flyball, 78D)
Nick Mackin scores
Batting: RHB Joe Salas 0-0: Ground out 4-3 (Groundball, 4)
Bottom of the 2nd over - 2 runs, 2 hits, 1 error, 1 left on base; Key West 1 - West Virginia 5
TOP OF THE 3RD
Key West Barracudas batting - Pitching for West Virginia Power : RHP Bob Howe
Batting: RHB Cris Lugo 0-0: Ball
1-0: Foul Ball, location: 2F
1-1: SINGLE (Groundball, 6MD)
Batting: LHB Domingo Ledesma Pickoff Throw to First - Out!
0-0: DOUBLE (Groundball, 3L)
Batting: LHB Juan Lima 0-0: Called Strike
0-1: Foul Ball, location: 2F
0-2: Ball
1-2: Foul Ball, location: 2F
1-2: Ground out 4-3 (Groundball, 4M)
Domingo Ledesma to third
Batting: SHB Júlio Ayala 0-0: Ball
1-0: Foul Ball, location: 2F
1-1: 2-RUN HOME RUN (Line Drive, 9LD), Distance : 352 ft
Batting: LHB Motoki Hirata 0-0: Called Strike
0-1: Ball
1-1: Swinging Strike
1-2: Strikes out swinging
Top of the 3rd over - 2 runs, 3 hits, 0 errors, 0 left on base; Key West 3 - West Virginia 5
BOTTOM OF THE 3RD
West Virginia Power batting - Pitching for Key West Barracudas : RHP Kade Coleman
Batting: RHB Rafael Ortíz 0-0: Ball
1-0: Ball
2-0: Called Strike
2-1: Ball
3-1: Base on Balls
Batting: RHB Cory Hester 0-0: Called Strike
0-1: Called Strike
0-2: Foul Ball, location: 2F
0-2: Ball
1-2: Strikes out swinging
Pitching: RHP Bob Schneider
Batting: RHB Julián Garza 0-0: Ball
1-0: Ball
2-0: Ball
3-0: Base on Balls
Rafael Ortíz to second
Batting: RHB José Maldonado 0-0: Called Strike
0-1: DOUBLE (Line Drive, 89M)
Rafael Ortíz scores
Julián Garza to third
Batting: RHB Nick Mackin 0-0: Called Strike
0-1: Ball
1-1: Ball
2-1: Ball
3-1: Called Strike
3-2: Strikes out looking
Batting: RHB Matt Tucker 0-0: Ball
1-0: Called Strike
1-1: Ball
2-1: Ball
Passed Ball!
Julián Garza scores
José Maldonado to third
3-1: Foul Ball, location: 2F
3-2: Foul Ball, location: 2F
3-2: Strikes out swinging
Bottom of the 3rd over - 2 runs, 1 hit, 0 errors, 1 left on base; Key West 3 - West Virginia 7
TOP OF THE 4TH
Key West Barracudas batting - Pitching for West Virginia Power : RHP Bob Howe
Batting: RHB Anastasio Zartuche 0-0: Ball
1-0: Ball
2-0: SINGLE (Line Drive, 6MD)
Batting: LHB Mauro Díaz 0-0: Swinging Strike
0-1: Foul Ball, location: 2F
0-2: DOUBLE (Line Drive, 8LXD)
Anastasio Zartuche to third
Batting: SHB Eric Pimentel 0-0: Ball
1-0: Called Strike
1-1: Foul Ball, location: 2F
1-2: Foul Ball, location: 2F
1-2: Strikes out looking
Batting: SHB Luis Manuel López 0-0: Swinging Strike
0-1: Called Strike
0-2: Foul Ball, location: 2F
0-2: Fly out, F5 (Line Drive, 5)
Batting: RHB Cris Lugo 0-0: Ball
1-0: Called Strike
1-1: Foul Ball, location: 2F
1-2: Ball
2-2: Ball
3-2: Foul Ball, location: 2F
3-2: 3-RUN HOME RUN (Flyball, 7LD), Distance : 340 ft
Batting: LHB Domingo Ledesma 0-0: Ball
1-0: Ball
2-0: Ball
3-0: Foul Ball, location: 2F
3-1: Base on Balls
Batting: LHB Juan Lima Pickoff Throw to First - Out!
Top of the 4th over - 3 runs, 3 hits, 0 errors, 0 left on base; Key West 6 - West Virginia 7
BOTTOM OF THE 4TH
West Virginia Power batting - Pitching for Key West Barracudas : RHP Bob Schneider
Batting: RHB Pedro Echevarría 0-0: Ball
1-0: Foul Ball, location: 2F
1-1: Swinging Strike
1-2: Foul Ball, location: 2F
1-2: Ball
2-2: Strikes out swinging, 2-3 out at first.
Batting: SHB Patrizio Batistuta 0-0: Swinging Strike
0-1: Ball
1-1: Foul Ball, location: 2F
1-2: Ball
2-2: Strikes out swinging
Batting: RHB Joe Salas 0-0: Fly out, F3 (Popup, 23F)
Bottom of the 4th over - 0 runs, 0 hits, 0 errors, 0 left on base; Key West 6 - West Virginia 7
TOP OF THE 5TH
Key West Barracudas batting - Pitching for West Virginia Power : RHP Bob Howe
Batting: LHB Juan Lima 0-0: Ball
1-0: Foul Ball, location: 2F
1-1: Foul Ball, location: 2F
1-2: Foul Ball, location: 2F
1-2: Reached on error, E4 (Groundball, 4)
Pitching: LHP Michael Stewart
Batting: SHB Júlio Ayala 0-0: Foul Ball, location: 2F
0-1: Fly out, F8 (Flyball, 89M)
Batting: LHB Motoki Hirata 0-0: Called Strike
0-1: Ground out 6-3 (Groundball, 6)
Batting: RHB Anastasio Zartuche 0-0: Swinging Strike
0-1: Ball
1-1: SINGLE (Line Drive, 5)
Juan Lima to third
Runner from 3rd tries for Home, SAFE, no throw
Batting: LHB Mauro Díaz 0-0: Called Strike
0-1: Ball
Wild Pitch!
Anastasio Zartuche to second
1-1: Fly out, F8 (Flyball, 8LM)
Top of the 5th over - 1 run, 1 hit, 1 error, 1 left on base; Key West 7 - West Virginia 7
BOTTOM OF THE 5TH
West Virginia Power batting - Pitching for Key West Barracudas : RHP Bob Schneider
Batting: RHB Rafael Ortíz 0-0: Ball
1-0: Called Strike
1-1: Ball
2-1: Ball
3-1: Foul Ball, location: 2F
3-2: Reached on error, E4 (Groundball, 4)
Batting: RHB Cory Hester 0-0: Called Strike
0-1: Called Strike
0-2: Ball
1-2: Foul Ball, location: 2F
1-2: Ball
2-2: Strikes out looking
Batting: RHB Julián Garza 0-0: Ball
1-0: Foul Ball, location: 2F
1-1: Ball
2-1: Ball
3-1: Called Strike
3-2: Foul Ball, location: 2F
3-2: Foul Ball, location: 2F
3-2: Base on Balls
Rafael Ortíz to second
Batting: RHB José Maldonado 0-0: Ground out 6-3 (Groundball, 6MS)
Rafael Ortíz to third
Julián Garza to second
Batting: RHB Nick Mackin 0-0: Called Strike
0-1: Ball
1-1: Foul Ball, location: 2F
1-2: Ground out 4-3 (Groundball, 4)
Bottom of the 5th over - 0 runs, 0 hits, 1 error, 2 left on base; Key West 7 - West Virginia 7
TOP OF THE 6TH
Key West Barracudas batting - Pitching for West Virginia Power : LHP Michael Stewart
Batting: SHB Eric Pimentel 0-0: Ball
1-0: Ball
2-0: Called Strike
2-1: Foul Ball, location: 2F
2-2: Ball
3-2: Strikes out swinging
Batting: SHB Luis Manuel López 0-0: Ball
1-0: Called Strike
1-1: Ball
2-1: Ball
3-1: SINGLE (Groundball, 6MD)
Batting: RHB Cris Lugo 0-0: Swinging Strike
0-1: Ball
1-1: Ball
Luis Manuel López is caught stealing 2nd base
2-1: Swinging Strike
2-2: Foul Ball, location: 2F
2-2: Strikes out looking
Top of the 6th over - 0 runs, 1 hit, 0 errors, 0 left on base; Key West 7 - West Virginia 7
BOTTOM OF THE 6TH
West Virginia Power batting - Pitching for Key West Barracudas : RHP Bob Schneider
Batting: RHB Matt Tucker 0-0: Ground out 5-3 (Groundball, 56)
Batting: RHB Pedro Echevarría 0-0: Ball
1-0: SINGLE (Line Drive, 34)
Pitching: RHP Gabe Lewis
Batting: SHB Patrizio Batistuta 0-0: Called Strike
0-1: Grounds into double play, 4-6-3 (Groundball, 4)
Bottom of the 6th over - 0 runs, 1 hit, 0 errors, 0 left on base; Key West 7 - West Virginia 7
TOP OF THE 7TH
Key West Barracudas batting - Pitching for West Virginia Power : LHP Michael Stewart
Batting: LHB Domingo Ledesma 0-0: Ball
1-0: SINGLE (Line Drive, 56D)
Batting: LHB Juan Lima 0-0: Ball
1-0: Foul Ball, location: 2F
1-1: SINGLE (Line Drive, 4MD)
Domingo Ledesma to second
Batting: SHB Júlio Ayala 0-0: Swinging Strike
0-1: Ball
1-1: Fielders Choice at 2nd, 6-4 (Groundball, 6)
Domingo Ledesma to third
Pinch Hitting: RHB Domingo Hernández 0-0: Swinging Strike
0-1: Ball
1-1: Ball
2-1: Foul Ball, location: 2F
2-2: SINGLE (Groundball, 6D)
Domingo Ledesma scores
Júlio Ayala to second
Batting: RHB Anastasio Zartuche 0-0: Foul Ball, location: 2F
0-1: Ball
Wild Pitch!
Júlio Ayala to third
Domingo Hernández to second
1-1: Intentional Walk
Batting: LHB Mauro Díaz 0-0: Called Strike
0-1: Swinging Strike
0-2: Strikes out looking
Batting: SHB Eric Pimentel 0-0: Ground out 1-3 (Groundball, P)
Top of the 7th over - 1 run, 3 hits, 0 errors, 3 left on base; Key West 8 - West Virginia 7
BOTTOM OF THE 7TH
West Virginia Power batting - Pitching for Key West Barracudas : RHP Gabe Lewis
Now in RF: Juan Acotia
Batting: RHB Joe Salas 0-0: Ball
1-0: Foul Ball, location: 2F
1-1: Ball
2-1: Called Strike
2-2: Ground out 6-3 (Groundball, 6)
Batting: RHB Rafael Ortíz 0-0: Called Strike
0-1: DOUBLE (Line Drive, 7D)
Pinch Hitting: LHB José González 0-0: Fly out, F8 (Flyball, 8LM)
Pinch Hitting: RHB Diego Benítez 0-0: Ball
1-0: Ball
2-0: Ball
3-0: Base on Balls
Pinch Hitting: RHB Luis Árias 0-0: Swinging Strike
0-1: Ball
1-1: Called Strike
1-2: Strikes out swinging
Bottom of the 7th over - 0 runs, 1 hit, 0 errors, 2 left on base; Key West 8 - West Virginia 7
TOP OF THE 8TH
Key West Barracudas batting - Pitching for West Virginia Power : LHP Michael Stewart
Now at 3B: Diego Benítez
Now at SS: Juan Carlos Ramos
Now in RF: Luis Árias
Batting: SHB Luis Manuel López 0-0: Ground out 4-3 (Groundball, 4M)
Batting: RHB Cris Lugo 0-0: Called Strike
0-1: Foul Ball, location: 2F
0-2: Ball
1-2: Fly out, F5 (Flyball, 56D)
Pitching: RHP Miguel Cardoza
Batting: LHB Domingo Ledesma 0-0: Swinging Strike
0-1: Swinging Strike
0-2: Foul Ball, location: 2F
0-2: SOLO HOME RUN (Line Drive, 9D), Distance : 368 ft
Batting: LHB Juan Lima 0-0: Ground out U3 (Groundball, 3)
Top of the 8th over - 1 run, 1 hit, 0 errors, 0 left on base; Key West 9 - West Virginia 7
BOTTOM OF THE 8TH
West Virginia Power batting - Pitching for Key West Barracudas : RHP Gabe Lewis
Batting: RHB Nick Mackin 0-0: Called Strike
0-1: Ball
1-1: Ball
2-1: Ball
3-1: Swinging Strike
3-2: Strikes out swinging
Batting: RHB Matt Tucker 0-0: Ball
1-0: Ball
2-0: Ball
3-0: Called Strike
3-1: Foul Ball, location: 2F
3-2: Foul Ball, location: 2F
3-2: Strikes out swinging
Batting: RHB Pedro Echevarría 0-0: Ball
1-0: Swinging Strike
1-1: Called Strike
1-2: Ball
2-2: Ground out 3-1 (Groundball, 34)
Bottom of the 8th over - 0 runs, 0 hits, 0 errors, 0 left on base; Key West 9 - West Virginia 7
TOP OF THE 9TH
Key West Barracudas batting - Pitching for West Virginia Power : RHP Miguel Cardoza
Batting: SHB Júlio Ayala 0-0: Ball
1-0: Foul Ball, location: 2F
1-1: Foul Ball, location: 2F
1-2: Foul Ball, location: 2F
1-2: Fly out, F5 (Popup, 56)
Batting: LHB Juan Acotia 0-0: SOLO HOME RUN (Flyball, 9D), Distance : 357 ft
Batting: RHB Anastasio Zartuche 0-0: Called Strike
0-1: Swinging Strike
0-2: Strikes out swinging
Batting: LHB Mauro Díaz 0-0: Ball
1-0: Ball
2-0: Called Strike
2-1: Ball
3-1: Foul Ball, location: 2F
3-2: Foul Ball, location: 2F
3-2: Strikes out looking
Top of the 9th over - 1 run, 1 hit, 0 errors, 0 left on base; Key West 10 - West Virginia 7
BOTTOM OF THE 9TH
West Virginia Power batting - Pitching for Key West Barracudas : RHP Gabe Lewis
Pitching: RHP Gerald Núńez
Batting: SHB Patrizio Batistuta 0-0: Ball
1-0: Called Strike
1-1: SOLO HOME RUN (Flyball, 9LD), Distance : 338 ft
Batting: RHB Joe Salas 0-0: Ball
1-0: Ball
2-0: Called Strike
2-1: Fly out, F7 (Line Drive, 7D)
Batting: RHB Rafael Ortíz 0-0: Ball
1-0: Ball
2-0: Called Strike
2-1: Ball
3-1: Base on Balls
Pinch Hitting: LHB Robin Jamieson 0-0: Foul Ball, location: 2F
0-1: DOUBLE (Line Drive, 9LM)
Rafael Ortíz to third
Batting: RHB Diego Benítez 0-0: Called Strike
0-1: Swinging Strike
0-2: Strikes out looking
Batting: RHB Luis Árias 0-0: Ball
1-0: Ball
Passed Ball!
Rafael Ortíz scores
Robin Jamieson to third
2-0: Foul Ball, location: 2F
2-1: Ball
3-1: Base on Balls
Pinch Hitting: RHB Joaquín Vásquez 0-0: Ball
1-0: Fly out, F2 (Popup, 2RF)
Bottom of the 9th over - 2 runs, 2 hits, 0 errors, 2 left on base; Key West 10 - West Virginia 9
Saturday, December 16th, 2017 - OOTP Baseball 18.8 Build 76